Cogmind - Beta 9.6 @@@ ROGUE MODE // 2020.08.18 @ 16:25:19 Player: Cracklepappy Result: Smashed by cave-in Performance ------------- Evolutions (1) 500 Regions Visited (3) 600 Robots Destroyed (29) 145 Value Destroyed (586) 586 Prototype IDs (3) 60 Alien Tech Used (0) 0 Bonus (50) 50 TOTAL SCORE: 1941 Bonus ------- Follower Combat Kills 50 Cogmind --------- Core Integrity 0/400 Matter 260/300 Energy 34/100 System Corruption 36% Temperature Cool (95) Movement Core (50) Location -9/Mines Parts ------- > --- POWER (1) -------- (None) > --- PROPULSION (2) --- (None) > --- UTILITY (4) ------ (None) > --- WEAPON (2) ------- (None) > --- INVENTORY (4) ---- Light Treads Peak State ------------ > --- POWER ------------ Light Ion Engine > --- PROPULSION ------- Light Treads Wheel > --- UTILITY ---------- Small Storage Unit Medium Storage Unit Improved Terrain Scanner Seismic Analyzer > --- WEAPON ----------- Assault Rifle Assault Rifle > --- INVENTORY -------- Ion Engine Light Treads Light Treads Light Treads Light Treads Wheel Wheel Wheel High-capacity Battery Light Assault Rifle [Rating: 11] Favorites ----------- Power Light Ion Engine Engine Light Ion Engine Propulsion Light Treads Treads Light Treads Wheel Wheel Utility Small Storage Unit Device Improved Terrain Scanner Storage Small Storage Unit Processor Seismic Analyzer Weapon Assault Rifle Energy Gun EM Pulse Gun Energy Cannon Light EM Pulse Cannon Ballistic Gun Assault Rifle Special Weapon Mining Laser Impact Weapon Hammer Build | -11 -10 -9 -9 ------- Run | Scr Mat Mat Min Slots Evolved 2 | . . 2 . Power . | . . . . Propulsion . | . . . . Utility 2 | . . 2 . Weapon . | . . . . Parts Attached 33 | 8 10 11 4 Power 5 | 2 2 1 . Engine 5 | 2 2 1 . Core . | . . . . Reactor . | . . . . Propulsion 13 | 2 3 6 2 Treads 6 | 1 1 2 2 Leg . | . . . . Wheel 7 | 1 2 4 . Hover . | . . . . Flight . | . . . . Utility 7 | 2 2 2 1 Device 1 | . . 1 . Storage 5 | 2 2 . 1 Processor 1 | . . 1 . Hackware . | . . . . Protection . | . . . . Artifact . | . . . . Weapon 8 | 2 3 2 1 Energy Gun 1 | 1 . . . Energy Cannon 1 | . . 1 . Ballistic Gun 4 | 1 3 . . Ballistic Cannon . | . . . . Launcher . | . . . . Special Weapon 1 | . . . 1 Impact Weapon 1 | . . 1 . Slashing Weapon . | . . . . Piercing Weapon . | . . . . Special Melee Weapon . | . . . . Unidentified Prototypes . | . . . . Parts Lost 22 | . 3 12 7 Power 3 | . 1 2 . Propulsion 8 | . 1 3 4 Utility 5 | . . 3 2 Weapon 6 | . 1 4 1 Highest Loss Streak 8 | . 3 8 4 Average Slot Usage (%) 63 | . 98 68 35 Engine 5 | . 12 6 . Treads 12 | . 15 8 12 Wheel 7 | . 12 11 1 Device 1 | . . 5 . Storage 18 | . 28 19 11 Processor 1 | . . 4 . Energy Gun 2 | . 7 . . Ballistic Gun 9 | . 20 10 . Special Weapon 4 | . . . 10 Naked Turns . | . . . . Heaviest Build 20 | 17 19 20 13 Greatest Support 40 | 10 10 40 40 Greatest Overweight (x) 2 | 1 1 1 2 Average Overweight (x) . | . 1 . . Largest Inventory Capacity 10 | 8 10 10 8 Average Capacity 8 | 6 8 9 8 Most Carried 10 | 8 10 10 5 Average Carried 5 | 5 8 8 2 Final Capacity 10 | 8 10 8 4 Final Carried 10 | 8 10 4 1 Class Distribution -------------------- 74% | Mutant 25% | Scavenger-Mutant Dominant Class ---------------- Mutant | -10/Materials Scavenger-Mutant | -9/Materials Mutant | -9/Mines Resources | -11 -10 -9 -9 ----------- Run | Scr Mat Mat Min Matter Collected 653 | 280 143 230 . Remotely . | . . . . Salvage Created 1118 | 142 526 450 . Parts 54 | 9 24 21 . Haulers Intercepted 2 | . 2 . . Recyclers Shooed 1 | . 1 . . Parts Field Recycled . | . . . . Retrieved Matter . | . . . . Parts Self-Destructed . | . . . . Prevented . | . . . . Kills | -11 -10 -9 -9 ------- Run | Scr Mat Mat Min Combat Hostiles Destroyed 19 | . 9 10 . Guns 13 | . 8 5 . Cannons 3 | . . 3 . AOE 3 | . 1 2 . Classes Destroyed 9 | 3 4 2 . Worker 3 | 2 . 1 . Tunneler 1 | 1 . . . Hauler 2 | . 2 . . Recycler 3 | 1 1 1 . Operator 1 | . 1 . . Swarmer 6 | . 3 3 . Grunt 11 | . 6 5 . Brawler 1 | . . 1 . Sentry 1 | . . 1 . Best Kill Streak 7 | 2 5 7 . Combat Bots Only 5 | . 5 5 . Max Kills in Single Turn 3 | 1 1 3 . Gunslinging . | . . . . Exploded 2 | . 1 2 . Melee . | . . . . Uniques/NPCs Destroyed . | . . . . Combat | -11 -10 -9 -9 -------- Run | Scr Mat Mat Min Damage Taken 2723 | . 618 1287 818 Core 524 | . 111 267 146 Absorbed by Shields . | . . . . Core Remaining (%) 77 | 100 55 . . Volleys Fired 122 | 14 53 35 20 Largest 2 | 1 2 2 1 Hottest 100 | 40 40 56 100 Shots Fired 168 | 14 76 58 20 Gun 138 | 14 76 48 . Cannon 10 | . . 10 . Launcher . | . . . . Special 20 | . . . 20 Kinetic 94 | . 46 48 . Thermal 20 | . . . 20 Explosive . | . . . . Electromagnetic 54 | 14 30 10 . Robot Hit Streak 10 | 5 10 7 . Robot Miss Streak 6 | 5 3 6 . Penetration Max . | . . . . Secondary Targets 2 | . . 2 . Max Gunslinging Chain 1 | . . 1 . Shots Hit Robots 99 | 9 48 42 . Core Hits 47 | 5 23 19 . Critical Hits . | . . . . Critical Kills . | . . . . Critical Parts Destroyed . | . . . . Melee Attacks 10 | . . 10 . Impact 10 | . . 10 . Slashing . | . . . . Piercing . | . . . . Sneak Attacks . | . . . . Combat Hostiles . | . . . . Follow-up Attacks . | . . . . Damage Inflicted 1614 | 125 734 755 . Guns 1038 | 125 613 300 . Cannons 193 | . . 193 . Explosions 265 | . 121 144 . Melee 118 | . . 118 . Ramming . | . . . . Kinetic 636 | . 336 300 . Thermal 265 | . 121 144 . Explosive . | . . . . Electromagnetic 595 | 125 277 193 . Impact 118 | . . 118 . Slashing . | . . . . Piercing . | . . . . Highest Corruption 29 | . . 15 29 Average Corruption 19 | . . 13 21 Corruption Purged . | . . . . Effects 49 | . . 12 37 Message Errors 9 | . . 3 6 Matter Fused 5 | . . . 5 Heat Flow Errors 8 | . . . 8 Energy Discharges 6 | . . 2 4 Parts Rejected 1 | . . 1 . Data Loss (minor) 4 | . . 1 3 Data Loss (major) 1 | . . . 1 Misdirections 10 | . . 1 9 Targeting Errors 5 | . . 4 1 Overload Shots . | . . . . Overflow Damage . | . . . . Projectiles . | . . . . Explosions . | . . . . Melee . | . . . . Knockbacks . | . . . . Impact . | . . . . Kinetic . | . . . . Secondary . | . . . . Self-Inflicted Damage 50 | . 39 11 . Shots 2 | . 1 1 . Rammed . | . . . . Targets Rammed . | . . . . Kicked . | . . . . Crushed . | . . . . Highest Temperature 266 | . 60 28 266 Average Temperature 68 | . 30 14 120 Received Heat Transfer 636 | . 225 387 24 Siege Activations . | . . . . Robots Corrupted . | . . . . Combat Hostiles . | . . . . Parts Fried 1 | . . 1 . Impact Corruptions . | . . . . Robots Melted . | . . . . Combat Hostiles . | . . . . Parts Melted 1 | . 1 . . Heat Transferred 400 | . 200 200 . Parts Sabotaged . | . . . . Parts Stolen . | . . . . Parts Stripped . | . . . . Power Chain Reactions 3 | . 2 1 . Missiles Intercepted . | . . . . Alert | -11 -10 -9 -9 ------- Run | Scr Mat Mat Min Peak Influence 282 | 20 282 188 122 Average Influence 74 | 5 125 75 50 Maximum Alert Level 1 | . 1 . . Low Security (%) 90 | 100 66 100 100 Level 1 9 | . 33 . . Level 2 . | . . . . Level 3 . | . . . . Level 4 . | . . . . Level 5 . | . . . . High Security . | . . . . Max Security . | . . . . Squads Dispatched 5 | . 3 2 . Investigation 2 | . 1 1 . Extermination . | . . . . Reinforcement 3 | . 2 1 . Assault . | . . . . Garrison . | . . . . Intercept . | . . . . Construction Impeded . | . . . . Haulers Reinforced . | . . . . Stealth | -11 -10 -9 -9 --------- Run | Scr Mat Mat Min Distress Signals 3 | . . 3 . Communications Jammed . | . . . . Distress Signals . | . . . . Times Spotted 41 | . 13 23 5 Peak Tracking Total 11 | . 6 11 3 Tactical Retreats 5 | . . 3 2 Traps | -11 -10 -9 -9 ------- Run | Scr Mat Mat Min Traps Triggered 2 | . 1 1 . Indirectly . | . . . . Trap Hack Attempts . | . . . . Triggered . | . . . . Disarmed . | . . . . Reprogrammed . | . . . . Reused . | . . . . Traps Extracted . | . . . . Installed . | . . . . Triggered . | . . . . Machines | -11 -10 -9 -9 ---------- Run | Scr Mat Mat Min Machines Disabled 1 | . 1 . . Max in Single Turn 1 | . 1 . . Machines Sabotaged . | . . . . Garrisons Compromised . | . . . . Overloaded Fab Kills . | . . . . Fab Network Shutdowns . | . . . . Hacking | -11 -10 -9 -9 --------- Run | Scr Mat Mat Min Machines Accessed 3 | . 1 2 . Terminals 3 | . 1 2 . Fabricators . | . . . . Repair Stations . | . . . . Recycling Units . | . . . . Scanalyzers . | . . . . Garrison Access . | . . . . Total Hacks 11 | . 4 7 . Successful 5 | . 2 3 . Failed 6 | . 2 4 . Catastrophic . | . . . . Database Lockouts . | . . . . Manual 1 | . . 1 . Terminals 11 | . 4 7 . Fabricators . | . . . . Repair Stations . | . . . . Recycling Units . | . . . . Scanalyzers . | . . . . Garrison Access . | . . . . Terminal Hacks 5 | . 2 3 . Prototype ID Bank 1 | . . 1 . Unreport Threat 2 | . 2 . . Patrol Status 1 | . . 1 . Recall Investigation 1 | . . 1 . Fabricator Hacks . | . . . . Repair Station Hacks . | . . . . Recycling Unit Hacks . | . . . . Scanalyzer . | . . . . Garrison Access Hacks . | . . . . Unauthorized Hacks . | . . . . Terminals . | . . . . Fabricators . | . . . . Repair Stations . | . . . . Recycling Units . | . . . . Scanalyzers . | . . . . Garrison Access . | . . . . Data Cores Recovered . | . . . . Used . | . . . . Hacking Detections 3 | . 1 2 . Full Trace Events . | . . . . Feedback Events . | . . . . Feedback Blocked . | . . . . Robot Schematics Acquired . | . . . . Robots Built . | . . . . Matter . | . . . . Time . | . . . . Total Robot Build Rating . | . . . . Part Schematics Acquired . | . . . . Parts Built . | . . . . Matter . | . . . . Time . | . . . . Total Part Build Rating . | . . . . Parts Repaired . | . . . . Time . | . . . . Parts Recycled . | . . . . Recycled Matter . | . . . . Retrieved Matter . | . . . . Retrieved Components . | . . . . Parts Scanalyzed . | . . . . Part Schematics Acquired . | . . . . Parts Damaged . | . . . . Bothacking | -11 -10 -9 -9 ------------ Run | Scr Mat Mat Min Used RIF Installer . | . . . . Robots Hacked . | . . . . Non-combat . | . . . . Combat . | . . . . Robot Hacks Applied . | . . . . Relay Couplers Released . | . . . . Robots Rewired . | . . . . Allies Hacked . | . . . . Hacks Repelled . | . . . . Allies | -11 -10 -9 -9 -------- Run | Scr Mat Mat Min Total Allies 1 | . . . 1 Largest Group 1 | . . . 1 Highest-Rated Group 31 | . . . 31 Highest-Rated Ally 31 | . . . 31 Total Orders . | . . . . Ally Attacks 10 | . . . 10 Total Damage 168 | . . . 168 Kills 2 | . . . 2 Allies Corrupted . | . . . . Allies Melted . | . . . . Intel | -11 -10 -9 -9 ------- Run | Scr Mat Mat Min Robot Analysis Total . | . . . . Derelict Logs Recovered . | . . . . Drone Launches . | . . . . Drone Recoveries . | . . . . Exploration | -11 -10 -9 -9 ------------- Run | Scr Mat Mat Min Turns Passed 1517 | 121 448 341 607 Spaces Moved 867 | 71 227 215 354 Core 134 | 1 . . 133 Treads 165 | . . 5 160 Legs . | . . . . Wheels 568 | 70 227 210 61 Hover . | . . . . Flight . | . . . . Fastest Speed 50 | 50 90 80 80 Average Speed 110 | 86 90 85 142 Slowest Speed 160 | 90 90 160 160 Overloaded Moves . | . . . . Propulsion Burnouts . | . . . . Robots Hopped . | . . . . Cave-ins Triggered 5 | . . . 5 Exploration Rate (%) 37 | 3 38 30 77 Regions Visited 3 Branch Regions 1 Pre-discovered Areas . | . . . . Known Exits Taken . | . . . . Unknown Exits Taken 3 | 1 1 1 . Scrap Searched . | . . . . Spaces Dug 20 | . . . 20 Terrain Destroyed 30 | . 5 5 20 Melee . | . . . . Projectile 20 | . . . 20 AOE 10 | . 5 5 . Actions | -11 -10 -9 -9 --------- Run | Scr Mat Mat Min Total 1216 | 119 402 298 397 Wait 137 | 5 92 22 18 Move 861 | 70 226 214 351 Hop . | . . . . Pick Up 35 | 18 12 4 1 Fast Attach 2 | 1 . 1 . Attach 22 | 6 4 8 4 Detach . | . . . . Swap 9 | 1 6 2 . Drop 15 | 4 9 2 . Fire 122 | 14 53 35 20 Melee 10 | . . 10 . Ram . | . . . . Kick . | . . . . Crush . | . . . . Escape Stasis 3 | . . . 3 Rewire . | . . . . Trap . | . . . . Miscellaneous . | . . . . Route ------- -11/Scrapyard -10/Materials -9/Materials -9/Mines History --------- Turn | Location | Event 33 | -11/Scrapyard | Discovered new exit (range 15) 122 | -11/Scrapyard | Entered Materials 340 | -10/Materials | Build established: Mutant 413 | -10/Materials | Lost 3 parts (1p1n1w) 562 | -10/Materials | Discovered new exit (range 10) 570 | -10/Materials | Entered another Materials area 570 | -9/Materials | Evolved 2 slots: Utility x2 732 | -9/Materials | Build established: Scavenger-Mutant 747 | -9/Materials | System corruption reached 10% 792 | -9/Materials | Lost 8 parts (1p2n2u3w) 847 | -9/Materials | Discovered new exit (range 14) 874 | -9/Materials | Core integrity fell below 50% 911 | -9/Materials | Entered Mines 920 | -9/Mines | Received a Mining Laser from a helpful Derelict 931 | -9/Mines | Lost 3 parts (1p1n1w) 988 | -9/Mines | Crushed by falling debris 990 | -9/Mines | Crushed by falling debris 1058 | -9/Mines | Crushed by falling debris 1059 | -9/Mines | Core integrity fell below 20% 1159 | -9/Mines | Build established: Mutant 1518 | -9/Mines | Crushed by falling debris 1519 | -9/Mines | Crushed by falling debris 1519 | -9/Mines | Smashed by cave-in Last Messages --------------- 01370_ System corrupted: Matter fused (-7). 01386_ System corrupted: Heat flow error (+294). 01404_ System corrupted: Matter fused (-7). 01421_ OQ:UOB9WA5EWSHZSJEC4WMLX 01440_ System corrupted: Heat flow error (+107). 01458_ System corrupted: Heat flow error (+229). 01473_ System corrupted: Component data lost. 01503_ System corrupted: Heat flow error (+237). 01518_ The unstable cave ceiling collapses. 01518_ Crushed by falling debris. 01518_ Mining Laser destroyed. 01518_ System corrupted by crushing effect (+4). 01518_ Lgt. Treads destroyed. 01518_ System corrupted by crushing effect (+2). 01519_ The unstable cave ceiling collapses. 01519_ Crushed by falling debris. 01519_ Lgt. Treads destroyed. 01519_ System corrupted by crushing effect (+3). 01519_ Med. Storage Unit destroyed. 01519_ System corrupted by crushing effect (+4). Map ----- +----------------------------------------------------+ | | | | | | | | | ?????????????????????????????????????????????????? | | ??????????????????????????????????####???????????? | | ?????????????????????????????????## ##??????????? | | ????????????????????????????????## ##?????????? | | ??????????????????????########### #####?????? | | ????????????????????##### # # ##????? | | ???????????????????## ########## ##???? | | #####??????????????# ####????????# ###?? | | # ########???????####??????????# #?? | | #????????# ##?????????# ## #?? | | # ### #????????# #?????????## #### ##?? | | ## #?# #????????# #??????????####?## ##??? | | #?# #?# ##???????# #??????????????## ##???? | | ### #?# ######?## #?????????????## ####????? | | ### ## ### ##???????????### ##???????? | | ######### ## #???????????## #????????? | | ??????## ##?????????## #????????? | | ??????# #?????????# #????????? | | ??????# ##????????# ##????????? | | ??????# ## ### #;##???????# ##?????????? | | ??????## #### ##?##### ##??????# ##??????????? | | ######### #??####??????##@#??????# ##???????????? | | #?# #?????????????###??????# ##### # | | ##### #?# #?????????????###??????# """??? | | ???## ### #??????????????????????# """??? | | ???# #??????????????????????######## """??? | | ???# #####????????????????????????????????? ?? | | ???# #######??????????????????????????????????? # | | ???# #????????????????????????????????????? | | ???# ##### #####????????????????????????????????? | | ??## ##??# #????????????????????????????????? | | ### #??##### #????????????????????????????????? | | # #??????# #?###????????????????????????????? | | #??????# #?# ##???????????????????????????? | | #??????# #?# #??????? ##????????????????? | | """ ##??????# ### ##??? #????????????????? | | """ #???##### ## ## #????????????????? | | """ ##### #?????????????????? | | #??????????????????????? | | ### #########??????????????????????? | | ??### ######### #??????????????????????????????? | | ?????###???????# ###????????????????????????????? | | ?????????????### ##???????????????????????????? | | ????????????## ##??????????????????????????? | | ????????????# ##?????????????????????????? | | ????????????## ## #?????????????????????????? | +----------------------------------------------------+ Best States ------------- Heat Dissipation 28 Energy Generation 10 Energy Capacity 500 Matter Stores 300 Matter Capacity 300 Sight Range 16 Terrain Scan Range 16 Terrain Scan Density 60 Evasion (%) 44 Recoil Reduction 2 Item Schematics ----------------- None Robot Schematics ------------------ None Fabricated ------------ Nothing Alien Tech Used ----------------- None Achievements -------------- None Challenges ------------ None Game ------ Seed ThermalArmorElectrolaser Manual? 0 Play Time 00:17:52 Cumulative 93.6 hours Start 2020.08.18 @ 16:07:46 End 2020.08.18 @ 16:25:19 Sessions 1 Manual Loads 0 Difficulty Rogue Special Mode None Game No. 117 Rogue 117 Adventurer 0 Explorer 0 Win Type - Total 1 Types 1/0/0/0/0/0/0 Lore% 48 Gallery% 59 Achievement% 44 Wizard Run 0 Options --------- ASCII 0 Keyboard 0 Movement Numpad Keybinds 0 Fullscreen 2 Font 24/Smallcaps Map View 76x50 Tactical HUD 1 Map Filters NONE Filters NONE Steam 1 RUN: 3abb39b7-08c7-40e0-9a8a-bb4b371c239a